 Dungeon Crawl Stone Soup version 0.22.1-2-g9c5b331383 (webtiles) character file.

168840 Ihlosi the Warrior (level 18, -11/122 HPs)
             Began as a Kobold Gladiator on Nov 29, 2018.
             Was the Champion of Kikubaaqudgha.
             Mangled by a nagaraja
             ... wielding a +0 halberd
              (14 damage)
             ... on level 4 of the Snake Pit on Nov 30, 2018.
             The game lasted 02:59:10 (49422 turns).

Ihlosi the Warrior (Kobold Gladiator)              Turns: 49422, Time: 02:59:10

Health: -11/122    AC: 22    Str: 18    XL:     18   Next: 59%
Magic:  0/31       EV: 25    Int: 10    God:    Kikubaaqudgha [******]
Gold:   1769       SH:  0    Dex: 23    Spells: 30/35 levels left

rFire    . . .     SeeInvis .   a - +7 lajatang (freeze)
rCold    + . .     Gourm    .   (shield currently unavailable)
rNeg     . . .     Faith    .   Y - +5 ring mail of Trog's Castigation {rPois rC+}
rPois    +         Spirit   +   v - +2 helmet
rElec    .         Reflect  .   g - +2 cloak {+Inv}
rCorr    .         Harm     .   r - +2 pair of gloves {Str+3}
MR       ++...                  y - +1 pair of boots
Stlth    +++++.....             R - amulet of guardian spirit
HPRegen  0.30/turn              E - +3 ring of dexterity
MPRegen  0.22/turn              O - ring of protection from magic

@: constricted
A: small, carnivore
a: Receive Corpses, Torment, Renounce Religion, Evoke Invisibility


You were on level 4 of the Snake Pit.
You worshipped Kikubaaqudgha.
Kikubaaqudgha was exalted by your worship.
You were very full.

You visited 7 branches of the dungeon, and saw 33 of its levels.

You collected 2896 gold pieces.
You spent 1127 gold pieces at shops.

Inventory:

Hand Weapons
 a - a +7 lajatang of freezing (weapon)
 b - a +2 arbalest of flaming
 i - a +4 quarterstaff
 x - a +1 quarterstaff of freezing
 U - a +0 hand crossbow
 X - the +8 rapier of Xucei {pierce, rElec Dex+2 Stlth-}
   (You found it on level 13 of the Dungeon)

   It inflicts extra damage upon your enemies.
   It affects your dexterity (+2).
   It insulates you from electricity.
   It makes you less stealthy.
Missiles
 u - 261 bolts
Armour
 g - a +2 cloak of invisibility (worn)
 r - a +2 pair of gloves of strength (worn)
 v - a +2 helmet (worn)
 y - a +1 pair of boots (worn)
 Y - the +5 ring mail of Trog's Castigation (worn) {rPois rC+}
   (You bought it in a shop on level 2 of the Orcish Mines)

   It protects you from cold.
   It protects you from poison.
Magical Staves
 P - an uncursed staff of death
Jewellery
 E - a +3 ring of dexterity (left hand)
 N - an uncursed ring of protection from cold
 O - a ring of protection from magic (right hand)
 Q - an uncursed amulet of faith
 R - an amulet of guardian spirit (around neck)
 S - an uncursed ring of protection from magic
Wands
 c - a wand of enslavement (2)
 d - a wand of paralysis (19)
 l - a wand of iceblast (3)
 H - a wand of digging (10)
 I - a wand of polymorph (22)
 K - a wand of random effects (57)
Scrolls
 h - a scroll of teleportation
 n - a scroll of magic mapping
 o - 13 scrolls of remove curse
 p - 4 scrolls of fog
 q - a scroll of blinking
 z - 5 scrolls of immolation
 B - a scroll of brand weapon
 D - a scroll of vulnerability
 L - a scroll of enchant armour
 T - 11 scrolls of identify
 V - 3 scrolls of amnesia
Potions
 j - 3 potions of lignification
 k - 2 potions of magic
 m - 3 potions of brilliance
 s - 2 potions of might
 t - 2 potions of cancellation
 w - a potion of haste
 C - 2 potions of ambrosia
 F - 6 potions of flight
 G - 4 potions of curing
 J - 5 potions of resistance
 M - 4 potions of mutation
Miscellaneous
 A - a lightning rod (4/4)
 W - a lamp of fire (inert)
Comestibles
 f - 53 rations


   Skills:
 * Level 16.6 Fighting
 + Level 14.2 Staves
 - Level 6.0 Crossbows
 - Level 2.1 Throwing
 * Level 3.0 Armour
 - Level 15.0 Dodging
 * Level 10.9 Stealth
 - Level 9.0 Spellcasting
 - Level 6.0 Charms
 - Level 9.0 Necromancy
 - Level 3.0 Translocations
 * Level 10.8 Evocations


You had 30 spell levels left.
You knew the following spells:

 Your Spells              Type           Power        Failure   Level  Hunger
a - Regeneration          Chrm/Necr      ###.......   3%          3    ##.....
b - Blink                 Tloc           N/A          12%         2    #......

Your spell library contained the following spells:

 Spells                   Type           Power        Failure   Level  Hunger
 Pain                     Necr           ###.         1%          1    None
 Corpse Rot               Necr           N/A          1%          2    #......
 Sublimation of Blood     Necr           ###.......   1%          2    #......
 Animate Dead             Necr           N/A          6%          4    ####...
 Agony                    Necr           ###.....     19%         5    ######.
 Dispel Undead            Necr           ###.....     19%         5    ######.
 Magic Dart               Conj           #...         26%         1    None
 Excruciating Wounds      Chrm/Necr      ###.......   32%         5    ######.
 Call Imp                 Summ           #.......     36%         2    #......
 Poisonous Vapours        Pois/Air       #.....       36%         2    #......
 Searing Ray              Conj           #.....       36%         2    #......
 Slow                     Hex            #.......     36%         2    #......
 Conjure Flame            Conj/Fire      #.......     61%         3    ##.....
 Dazzling Spray           Conj/Hex       #.....       61%         3    ##.....
 Mephitic Cloud           Conj/Pois/Air  #.......     61%         3    ##.....
 Death Channel            Necr           ###.......   69%         6    #######
 Force Lance              Conj/Tloc      #.......     80%         4    ####...
 Fulminant Prism          Conj/Hex       #.........   95%         4    ####...
 Ice Form                 Ice/Tmut       #.......     95%         4    ####...
 Iskenderun's Mystic Bla  Conj           #.......     95%         4    ####...
 Simulacrum               Ice/Necr       ##........   99%         6    #######
 Metabolic Englaciation   Hex/Ice        #.........   100%        5    ######.
 Bolt of Cold             Conj/Ice       #.........   100%        6    #######
 Freezing Cloud           Conj/Ice/Air   #.........   100%        6    #######
 Ozocubu's Refrigeration  Ice            #.........   100%        6    #######
 Haunt                    Necr/Summ      ##........   100%        7    #######
 Ring of Flames           Chrm/Fire      ##........   100%        7    #######
 Borgnjor's Revivificati  Necr           ###.......   100%        8    #######
 Death's Door             Chrm/Necr      ###.......   100%        8    #######
 Infestation              Necr           ###.......   100%        8    #######
 Necromutation            Tmut/Necr      ##........   100%        8    #######


Dungeon Overview and Level Annotations

Branches:
Dungeon (15/15)            Temple (1/1) D:4            Lair (6/6) D:9
  Swamp (4/4) Lair:2        Snake (4/4) Lair:4        Slime (0/5) Lair:6
    Orc (2/2) D:10            Elf (0/3) Orc:2        Vaults (0/5) D:14
 Depths (1/5) D:15

Altars:
Ashenzari
Cheibriados
Dithmenos
Elyvilon
Fedhas
Gozag
Hepliaklqana
Kikubaaqudgha
Makhleb
Nemelex Xobeh
Okawaru
Qazlal
Ru
Sif Muna
Trog
Uskayaw
Vehumet
Wu Jian
Xom
Yredelemnul
Zin
The Shining One
Beogh
Jiyva
Lugonu

Shops:
D:4 :   D:6 (%[   D:10 !(   D:12 *   Orc:2 [![?   Snake:4 *

Annotations:
Lair:1 1 runed door, EvilAshe's ghost, journeyman TeFi
Lair:2 1 runed door, Seziory's ghost, novice DEFE
Lair:3 exclusion: catoblepas
Swamp:1 1 runed door, mdsm's ghost, journeyman CeHu
Snake:3 2 transporters


Innate Abilities, Weirdness & Mutations

You are small and have problems with some larger weapons.
You are carnivorous and can eat meat at any time.


Message History

The naga mage looks frightened!
The nagaraja gestures at you while chanting.
The poison arrow hits you!
You are more poisoned.
You partially resist.
* * * LOW HITPOINT WARNING * * *
The nagaraja constricts you.
Unknown command.
You feel better.
The nagaraja points at you and mumbles some strange words.
The orb of energy hits you!
* * * LOW HITPOINT WARNING * * *
The orb of energy explodes!
The nagaraja constricts you.
The naga mage gestures at you while chanting.
You resist with almost no effort.
You hit the nagaraja. You freeze the nagaraja.
The nagaraja is heavily wounded.
The nagaraja hits you with a halberd!
You die...
Kikubaaqudgha rasps: "You have failed me!
Welcome... death!"

##())))))).).....(..........
#########.)................
#......<...........
#..)...............
#.).......##.......
##......######...... #(......#
#...##. #..(....######....##
*#..@).......#.....##
#...N............##..
#.....N..........#...
##.....#..........#...
#.....#.#........#....
###.⌠...⌠.##............
###.........##............ #####
##.#......................#
#...###.........................#


You could see a nagaraja and a naga sharpshooter.

Vanquished Creatures
  Saint Roka (Snake:3)
  Rupert (D:14)
  Asterion (Snake:1)
  Frances (D:14)
  Agnes (D:14)
  Kirke (D:12)
  A nagaraja (Snake:4)
  An emperor scorpion (D:15)
  A dire elephant (Lair:6)
  Azrael (D:14)
  Harold (D:8)
  14 hydras
  A ghost crab (Swamp:3)
  A catoblepas (Lair:6)
  12 anacondas
  A two-headed ogre (D:10)
  A centaur warrior (D:13)
  13 naga warriors
  14 alligators
  An orc high priest (Orc:2)
  A deep troll shaman (Lair:5)
  4 death yaks (Lair:6)
  8 naga sharpshooters
  10 shock serpents
  3 salamander mystics
  A deep troll (D:14)
  2 swamp dragons
  A wizard (D:14)
  2 shambling mangroves (Swamp:2)
  Pikel (D:5)
  A glowing orange brain (shapeshifter) (D:15)
  7 naga ritualists
  A lindwurm (D:14)
  An orc knight (Orc:2)
  7 mana vipers
  2 manticores
  8 orc sorcerers
  A deep elf mage (D:13)
  7 ugly things
  6 salamanders
  A cyclops (D:14)
  3 wolf spiders (Lair:2)
  22 black mambas
  25 elephants
  A guardian serpent (Snake:3)
  15 naga magi
  13 spiny frogs
  A torpor snail (Lair:5)
  2 yaktaurs (D:15)
  2 kobold demonologists
  7 komodo dragons
  A tengu conjurer (D:15)
  4 polar bears
  3 meliai (D:13)
  4 trolls
  Prince Ribbit (D:8)
  12 tyrant leeches
  5 hornets
  5 bog bodies
  13 blink frogs
  12 slime creatures
  4 dream sheep (Lair:6)
  8 hippogriffs
  8 redbacks (Snake:3)
  3 spriggans
  4 water elementals (D:11)
  51 yaks
  A shadow (D:12)
  3 wyverns
  2 wraiths
  2 humans
  Grum (Lair:1)
  6 basilisks
  4 fire elementals
  4 hogs
  A human (shapeshifter) (D:14)
  12 vampire mosquitoes
  11 swamp worms
  3 wargs
  26 nagas
  10 water moccasins
  3 porcupines
  Duvessa (D:5)
  2 hell hounds (D:14)
  27 orc warriors
  9 swamp drakes
  5 sky beasts
  6 black bears
  3 ice beasts
  4 slaves (D:5)
  An eye of draining (shapeshifter) (D:15)
  A necrophage (D:8)
  3 phantoms
  13 ogres
  14 wolves
  9 centaurs
  10 crocodiles
  5 big kobolds
  A small abomination (D:9)
  15 bullfrogs
  Dowan (D:5)
  3 scorpions
  12 killer bees
  17 wights
  6 crimson imps
  2 bullfrog zombies
  3 quasits
  3 centaur zombies
  7 hounds
  A wyvern simulacrum (D:14)
  2 gnoll shamans
  3 jellies
  31 orc priests
  2 bullfrog skeletons
  40 orc wizards
  5 iguanas
  12 worker ants
  A hound skeleton (D:7)
  A howler monkey zombie (D:10)
  A worker ant zombie (D:11)
  12 gnolls
  28 adders
  7 shadow imps
  A worm (D:3)
  A dart slug (D:2)
  3 leopard geckos
  98 orcs
  2 bat zombies (D:3)
  8 giant cockroaches
  7 goblins
  3 hobgoblins
  6 jackals
  5 quokkas
  2 ball pythons
  11 bats
  4 frilled lizards
  19 kobolds
  A leopard gecko skeleton (D:4)
  3 rats
  A rat zombie (D:3)
  A briar patch (Swamp:3)
  A butterfly (D:7)
  A plant (Lair:6)
969 creatures vanquished.

Vanquished Creatures (collateral kills)
  An orc warrior (Orc:2)
  An ice beast (D:8)
  An orc wizard (Orc:2)
  An orc (Orc:2)
4 creatures vanquished.

Vanquished Creatures (others)
  An elephant (Lair:6)
  2 humans (D:12)
  2 nagas
  A small abomination (D:9)
  2 wights (D:12)
  An orc wizard (Orc:2)
  An orc (Snake:3)
  2 briar patches (Swamp:3)
  22 fungi
  53 plants
87 creatures vanquished.

Grand Total: 1060 creatures vanquished

Notes
Turn   | Place    | Note
-------+----------+-------------------------------------------
     0 | D:1      | Ihlosi the Kobold Gladiator began the quest for the Orb.
     0 | D:1      | Reached XP level 1. HP: 12/12 MP: 1/1
   332 | D:1      | Reached XP level 2. HP: 17/17 MP: 2/2
   507 | D:1      | Reached skill level 1 in Stealth
  1008 | D:2      | Reached XP level 3. HP: 16/22 MP: 3/3
  1146 | D:2      | Reached skill level 1 in Armour
  1248 | D:2      | Reached XP level 4. HP: 27/27 MP: 4/4
  1288 | D:2      | Found a burning altar of Makhleb.
  1664 | D:2      | Reached XP level 5. HP: 28/32 MP: 5/5
  1892 | D:3      | Reached skill level 3 in Fighting
  2291 | D:3      | Reached XP level 6. HP: 32/37 MP: 6/6
  2304 | D:3      | Found an ancient bone altar of Kikubaaqudgha.
  2751 | D:4      | Noticed an ogre
  2764 | D:4      | Killed an ogre
  2764 | D:4      | Reached skill level 5 in Stealth
  2871 | D:4      | Found Xyepyemu's Book Shoppe.
  2878 | D:4      | Reached XP level 7. HP: 42/42 MP: 7/7
  3150 | D:4      | Reached skill level 4 in Fighting
  3312 | D:4      | Found a staircase to the Ecumenical Temple.
  3370 | Temple   | Entered the Ecumenical Temple
  3755 | D:5      | Entered Level 5 of the Dungeon
  3775 | D:5      | Noticed Pikel
  4062 | D:5      | Reached skill level 1 in Evocations
  4280 | D:5      | Noticed Duvessa
  4284 | D:5      | Noticed Dowan
  4301 | D:5      | Killed Duvessa
  4301 | D:5      | Reached skill level 5 in Dodging
  4304 | D:5      | Killed Dowan
  4348 | D:5      | Reached XP level 8. HP: 46/48 MP: 9/9
  4412 | D:5      | Reached skill level 5 in Fighting
  4571 | D:5      | Found a glowing golden altar of the Shining One.
  4631 | D:5      | Got a pair of ichor-stained gloves
  4957 | D:5      | Killed Pikel
  4957 | D:5      | Reached skill level 6 in Fighting
  4957 | D:5      | Reached skill level 5 in Staves
  4957 | D:5      | Reached XP level 9. HP: 19/55 MP: 10/12
  5516 | D:6      | Identified the cursed -3 pair of gloves of the Tormentor
                  | {*Contam rN+ Dex+4} (You found it on level 5 of the
                  | Dungeon)
  5779 | D:6      | Got a distressingly furry scale mail
  5790 | D:6      | Found Ugainua's Food Shop.
  5863 | D:6      | Found Witriz's Weapon Shop.
  5977 | D:6      | Found Inwooseh's Antique Armour Emporium.
  6059 | D:6      | Found a blossoming altar of Fedhas.
  6245 | D:3      | Became a worshipper of Kikubaaqudgha
  6538 | D:7      | Identified the +3 scale mail of the Alphagorgon {rC+ rCorr
                  | Int+3 Dex-2} (You took it off an orc on level 6 of the
                  | Dungeon)
  6587 | D:7      | Reached skill level 5 in Evocations
  6700 | D:7      | Found a snail-covered altar of Cheibriados.
  6700 | D:7      | Found a white marble altar of Elyvilon.
  6720 | D:7      | Found an iron altar of Okawaru.
  6730 | D:7      | Reached skill level 7 in Fighting
  6736 | D:7      | Reached skill level 1 in Spellcasting
  6739 | D:7      | Reached skill level 1 in Necromancy
  6772 | D:7      | Found a shadowy altar of Dithmenos.
  6786 | D:7      | Found a shimmering altar of Xom.
  7927 | D:8      | Reached * piety under Kikubaaqudgha
  7927 | D:8      | Identified Kikubaaqudgha's Handbook of Darkness
                  | (Kikubaaqudgha gifted it to you on level 8 of the Dungeon)
  7927 | D:8      | Received a gift from Kikubaaqudgha
  7967 | D:8      | Reached XP level 10. HP: 61/63 MP: 14/14
  8044 | D:8      | Noticed Prince Ribbit
  8061 | D:8      | Killed Prince Ribbit
  8194 | D:8      | Got an iridescent great sword
  8240 | D:8      | Found a shattered altar of Ashenzari.
  8731 | D:8      | Noticed Harold
  8952 | D:8      | Reached skill level 8 in Fighting
  9104 | D:8      | Killed Harold
  9280 | D:9      | Found a staircase to the Lair.
  9312 | D:9      | Reached ** piety under Kikubaaqudgha
  9316 | D:9      | Reached XP level 11. HP: 66/69 MP: 16/16
  9579 | D:9      | Reached skill level 9 in Fighting
 10643 | D:9      | Found a transporter.
 10792 | D:9      | Found a corrupted altar of Lugonu.
 11270 | Lair:1   | Entered Level 1 of the Lair of Beasts
 11455 | D:10     | Entered Level 10 of the Dungeon
 11965 | D:10     | Found a stormy altar of Qazlal.
 11968 | D:10     | Found a staircase to the Orcish Mines.
 11982 | D:10     | Found a roughly hewn altar of Beogh.
 11987 | D:10     | Reached *** piety under Kikubaaqudgha
 11987 | D:10     | Identified Kikubaaqudgha's Incunabulum of Darkness
                  | (Kikubaaqudgha gifted it to you on level 10 of the Dungeon)
 11987 | D:10     | Received a gift from Kikubaaqudgha
 12126 | D:10     | Found Doujeopn's Distillery.
 12271 | D:10     | Bought a potion of mutation for 104 gold pieces
 12271 | D:10     | Bought a potion of magic for 104 gold pieces
 12339 | D:10     | Found Habacria's Antique Weapon Shop.
 12475 | D:11     | Noticed a two-headed ogre
 12487 | D:11     | Noticed a four-headed hydra
 12517 | D:10     | Killed a four-headed hydra
 12748 | D:10     | Killed a two-headed ogre
 12748 | D:10     | Reached skill level 10 in Fighting
 12748 | D:10     | Reached skill level 5 in Spellcasting
 12748 | D:10     | Reached skill level 5 in Necromancy
 12748 | D:10     | Reached XP level 12. HP: 38/77 MP: 19/19
 13219 | D:11     | Reached skill level 10 in Staves
 13641 | D:11     | Reached **** piety under Kikubaaqudgha
 15308 | Lair:1   | Noticed EvilAshe's ghost (journeyman TeFi)
 15309 | Lair:1   | Found a runed door.
 15351 | Lair:1   | Got a slimy scale mail
 15369 | Lair:1   | Identified the cursed +1 scale mail of Tulips {rC++ rCorr}
                  | (You found it on level 1 of the Lair of Beasts)
 15614 | Lair:1   | Noticed Grum
 15655 | Lair:1   | Killed Grum
 16439 | Lair:2   | Found a staircase to the Swamp.
 16442 | Lair:2   | Found a runed door.
 16442 | Lair:2   | Noticed Seziory's ghost (novice DEFE)
 16680 | Lair:2   | Reached skill level 11 in Fighting
 16680 | Lair:2   | Reached skill level 10 in Dodging
 16903 | Lair:2   | Learned a level 3 spell: Regeneration
 16937 | Lair:2   | HP: 4/80 [poisoned by a wolf spider]
 16942 | Lair:2   | HP: 3/80 [poisoned by a wolf spider]
 16949 | Lair:2   | HP: 3/80 [poisoned by a wolf spider]
 16957 | Lair:2   | HP: 3/80 [poisoned by a wolf spider]
 17472 | Lair:2   | Reached XP level 13. HP: 84/84 MP: 22/22
 17919 | Lair:2   | Identified the +6 great sword "Goblinslayer" {flame, rF++
                  | Stlth+} (You found it on level 8 of the Dungeon)
 17967 | Lair:3   | Got a polished hunting sling
 17968 | Lair:3   | Identified the +2 hunting sling of Yvearato {velocity, MR+}
                  | (You found it on level 3 of the Lair of Beasts)
 18153 | Lair:3   | Reached skill level 1 in Crossbows
 18239 | Lair:3   | Reached skill level 1 in Charms
 18426 | Lair:3   | Noticed a catoblepas
 19073 | Lair:4   | Learned a level 2 spell: Blink
 19075 | Lair:4   | Found a staircase to the Snake Pit.
 19140 | Lair:4   | Noticed a five-headed hydra
 19144 | Lair:4   | Killed a five-headed hydra
 19177 | Lair:4   | Reached ***** piety under Kikubaaqudgha
 20128 | Lair:5   | Noticed an eight-headed hydra
 20159 | Lair:5   | Killed an eight-headed hydra
 20602 | Lair:5   | Found a runed door.
 21577 | D:12     | Noticed Kirke
 21713 | D:12     | Killed Kirke
 21713 | D:12     | Reached XP level 14. HP: 80/91 MP: 24/24
 21812 | D:12     | Found Gysch's Assorted Antiques.
 22266 | D:12     | Reached skill level 12 in Fighting
 22283 | D:12     | Reached skill level 1 in Translocations
 22662 | D:12     | Bought a runed soapstone amulet for 125 gold pieces
 22861 | Orc:1    | Entered Level 1 of the Orcish Mines
 23414 | Orc:2    | Entered Level 2 of the Orcish Mines
 23792 | Orc:2    | Found a staircase to the Elven Halls.
 23872 | Orc:2    | Reached ****** piety under Kikubaaqudgha
 24715 | D:13     | Reached skill level 5 in Crossbows
 24760 | D:13     | Received a gift from Kikubaaqudgha
 24883 | D:13     | Got a pitted rapier
 24884 | D:13     | Identified the +8 rapier of Xucei {pierce, rElec Dex+2
                  | Stlth-} (You found it on level 13 of the Dungeon)
 25952 | D:14     | Noticed Rupert
 26060 | D:14     | Reached skill level 13 in Fighting
 26126 | D:14     | Noticed Azrael
 27254 | Lair:6   | Entered Level 6 of the Lair of Beasts
 27309 | Lair:6   | Found a deep blue altar of Sif Muna.
 27670 | Lair:6   | Reached XP level 15. HP: 98/99 MP: 26/26
 27695 | Lair:6   | Found a staircase to the Slime Pits.
 27853 | Lair:6   | Found a viscous altar of Jiyva.
 30754 | Orc:2    | Paralysed by an orc sorcerer for 3 turns
 31440 | Orc:2    | Found Ipsaext's Magic Scroll Boutique.
 31440 | Orc:2    | Found Ganuq's Armour Shop.
 31440 | Orc:2    | Found Myrrurew's Armour Boutique.
 31443 | Orc:2    | Found Maosiqeo's Distillery.
 31449 | Orc:2    | Bought a potion of might for 56 gold pieces
 31451 | Orc:2    | Bought the +5 ring mail of Trog's Castigation {rPois rC+}
                  | for 566 gold pieces
 31487 | Orc:2    | Bought a +0 cloak of invisibility for 172 gold pieces
 31867 | Swamp:1  | Entered Level 1 of the Swamp
 31871 | Swamp:1  | Reached skill level 14 in Fighting
 32627 | Swamp:1  | Noticed mdsm's ghost (journeyman CeHu)
 32628 | Swamp:1  | Found a runed door.
 33132 | Swamp:2  | Found a hazy altar of Hepliaklqana.
 33864 | Swamp:1  | Reached XP level 16. HP: 106/106 MP: 28/28
 36458 | Swamp:2  | Reached skill level 5 in Charms
 37747 | Swamp:4  | Entered Level 4 of the Swamp
 37803 | Swamp:3  | Noticed a thorn hunter
 37957 | Swamp:4  | Noticed a thorn hunter
 38566 | Swamp:3  | Noticed a thorn hunter
 38792 | Snake:1  | Entered Level 1 of the Snake Pit
 39017 | D:14     | Killed Azrael
 39041 | D:14     | Killed Rupert
 39165 | D:14     | Noticed Frances
 39249 | D:14     | Noticed Agnes
 39352 | D:14     | Killed Frances
 39632 | D:14     | Killed Agnes
 39700 | D:14     | Found a gate to the Vaults.
 39789 | D:15     | Entered Level 15 of the Dungeon
 39916 | D:15     | Found an opulent altar of Gozag.
 40158 | D:15     | Found a staircase to the Depths.
 40165 | D:15     | Reached skill level 15 in Fighting
 40174 | D:15     | Reached XP level 17. HP: 95/113 MP: 25/30
 40756 | Depths:1 | Entered Level 1 of the Depths
 41972 | Snake:1  | Noticed Asterion
 41989 | Snake:1  | Killed Asterion
 44634 | Snake:3  | Noticed Saint Roka
 44650 | Snake:3  | Killed Saint Roka
 44650 | Snake:3  | Reached skill level 10 in Evocations
 45117 | Snake:3  | Found a transporter.
 45370 | Snake:3  | Reached skill level 16 in Fighting
 46219 | Snake:3  | Reached XP level 18. HP: 119/120 MP: 31/31
 46222 | Snake:3  | Found a transporter.
 46226 | Snake:3  | Reached skill level 10 in Stealth
 47552 | Snake:3  | Reached skill level 15 in Dodging
 47968 | Snake:4  | Entered Level 4 of the Snake Pit
 48478 | Snake:4  | Found Iotejyng's Incredible Inventory.
 49420 | Snake:4  | HP: 5/122 [nagaraja/poison arrow (7)]
 49422 | Snake:4  | Mangled by a nagaraja

Skill      XL: |  1  2  3  4  5  6  7  8  9 10 11 12 13 14 15 16 17 18 |
---------------+-------------------------------------------------------+-----
Stealth        | 1 2 3 5 6 8 9 10 | 10.9
Staves         | 3 4 5 7 8 9 10 12 13 14 | 14.2
Armour         | 1 3 |  3.0
Dodging        | 4 5 6 7 8 10 11 12 13 14 15 | 15.0
Fighting       | 3 4 6 7 8 10 11 13 14 15 16 | 16.6
Evocations     | 2 4 5 6 7 8 9 10 | 10.8
Spellcasting   | 1 3 5 6 7 8 9 |  9.0
Necromancy     | 1 3 5 6 7 8 9 |  9.0
Crossbows      | 4 5 6 |  6.0
Charms         | 2 3 4 5 6 |  6.0
Translocations | 2 3 |  3.0
Throwing       | |  2.1

Action                   |  1- 3 |  4- 6 |  7- 9 | 10-12 | 13-15 | 16-18 || total
-------------------------+-------+-------+-------+-------+-------+-------++-------
Melee: Quarterstaff      |    77 |    10 |   324 |   865 |  1716 |   576 ||  3568
       Hand axe          |       |   150 |    68 |    95 |       |       ||   313
       Staff             |       |       |       |    16 |       |    10 ||    26
       Rapier            |       |       |       |       |   298 |    62 ||   360
       Lajatang          |       |       |       |       |       |   702 ||   702
 Fire: Hand crossbow     |       |       |       |       |     2 |       ||     2
       Arbalest          |       |       |       |       |       |     2 ||     2
Throw: Throwing net      |       |     3 |       |     2 |     3 |     1 ||     9
 Cast: Regeneration      |       |       |       |       |     4 |       ||     4
       Blink             |       |       |       |       |     1 |    13 ||    14
Invok: Receive Necronomi |       |       |       |       |     1 |       ||     1
 Abil: Evoke Invisibilit |       |       |       |       |       |     3 ||     3
Evoke: Wand              |       |       |    38 |    36 |    59 |    47 ||   180
       Lamp of fire      |       |       |       |     1 |     5 |     4 ||    10
       Lightning rod     |       |       |       |       |    14 |    13 ||    27
  Use: Scroll            |       |     3 |     9 |    13 |    17 |    16 ||    58
       Potion            |       |       |     6 |     6 |     5 |    16 ||    33
 Stab: Sleeping          |     6 |     6 |     4 |    13 |     5 |    13 ||    47
       Held in net/web   |       |     1 |       |     4 |     6 |     2 ||    13
       Invisible         |       |       |     2 |       |     1 |     3 ||     6
       Paralysed         |       |       |     2 |    18 |    18 |     1 ||    39
       Distracted        |       |       |       |       |     5 |     5 ||    10
  Eat: Chunk             |     7 |     7 |    16 |    29 |    58 |    50 ||   167
Armor: Leather armour    |    25 |     4 |       |       |       |       ||    29
       Ring mail         |       |    45 |   164 |   215 |   418 |   328 ||  1170
       Skin              |       |       |     5 |    11 |       |       ||    16
Dodge: Dodged            |    69 |   132 |   360 |   818 |  1790 |  1522 ||  4691
